 Dungeon Sprint DCSS version 0.29.1-2-gbd0b4ee654 (webtiles) character file.

Game seed: 1316351497006197172

0 Zeld the Chopper (level 1, -6/28 HPs)
             Began as a Minotaur Berserker on Oct 26, 2022.
             Was a Follower of Trog.
             Mangled by a merfolk siren
             ... wielding a +0 spear
              (11 damage)
             ... in the Dungeon (Sprint II: "The Violet Keep of Menkaure").
             The game lasted 00:00:09 (20 turns).

Zeld the Chopper (Minotaur Berserker)                 Turns: 20, Time: 00:00:09

Health: -6/28      AC:  2    Str: 21    XL:     1   Next: 0%
Magic:  0/0        EV: 12    Int:  4    God:    Trog [*.....]
Gold:   0          SH:  0    Dex:  9    Spells: 0/0 levels left

rFire   . . .      SeeInvis .   a - +0 hand axe
rCold   . . .      Faith    .   (no shield)
rNeg    . . .      Spirit   .   b - +0 animal skin
rPois   .          Reflect  .   (helmet restricted)
rElec   .          Harm     .   (no cloak)
rCorr   .          Rampage  .   (no gloves)
Will    .....      NoTele   +   (no boots)
Stlth   ..........              (no amulet)
HPRegen 0.09/turn               (no ring)
MPRegen 0.07/turn               (no ring)

@: berserking, very quick
A: horns 2, retaliatory headbutt
a: Renounce Religion, Berserk


You were in the Dungeon.
You worshipped Trog.
Trog was aware of your devotion.
You visited 1 branch

Inventory:

Hand Weapons
 a - a +0 hand axe (weapon)
Armour
 b - a +0 animal skin (worn)
Scrolls
 h - a scroll of blinking
Potions
 c - a potion of curing
 d - a potion of heal wounds
 e - a potion of haste
 f - 2 potions of magic
 g - a potion of berserk rage


   Skills:
 + Level 3.6 Fighting
 * Level 3.6 Axes
 + Level 2.4 Armour
 + Level 2.1 Dodging


You couldn't memorise any spells.
You didn't know any spells.
Your spell library was empty.

Dungeon Overview and Level Annotations

Branches:
Dungeon (1/1)

Altars:


Innate Abilities, Weirdness & Mutations

You have a pair of horns on your head.
You reflexively headbutt those who attack you in melee.


Message History

Found 243 gold pieces.
You close the door.
There is a staircase leading out of the dungeon here.
You open the door.
A merfolk siren comes into view. It is wielding a +0 spear.
The merfolk siren shouts!
The merfolk siren chants a haunting song.
You are mesmerised by the merfolk siren!
Found 243 gold pieces.
You close the door.
You are no longer entranced.
A merfolk siren opens the door.
A red film seems to cover your vision as you go berserk!
You feel yourself moving faster!
You feel mighty! The merfolk siren barely misses you.
You feel a strong urge to attack something.
The merfolk siren hits you with a +0 spear!
Ouch! That really hurt!
There is an open door, spattered with blood here.
You barely miss the merfolk siren.
The merfolk siren hits you but does no damage.
You barely miss the merfolk siren.
The merfolk siren hits you with a +0 spear.
* * * LOW HITPOINT WARNING * * *
You slash the merfolk siren!
The merfolk siren is heavily wounded.
You closely miss the merfolk siren.
The merfolk siren is heavily wounded.
The merfolk siren hits you with a +0 spear.
* * * LOW HITPOINT WARNING * * *
You closely miss the merfolk siren.
The merfolk siren is heavily wounded.
The merfolk siren completely misses you.
You barely miss the merfolk siren.
The merfolk siren is moderately wounded.
Unknown command.
You barely miss the merfolk siren.
The merfolk siren is moderately wounded.
The merfolk siren hits you with a +0 spear!
You die... ## ## ##. $## .. ..
B#B

## # #+# #.##
#.s###.##...#
#s+.<.@m#
#..###.##...#
# #+# #.## ##


You could see a merfolk siren.

Vanquished Creatures (others)
  Menkaure (D)
1 creature vanquished.

Notes
Turn   | Place    | Note
-------+----------+-------------------------------------------
     0 | D        | Zeld the Minotaur Berserker began the quest for the Orb.
     0 | D        | Reached XP level 1. HP: 19/19 MP: 0/0
     1 | D        | Noticed a scorpion
     1 | D        | Noticed a scorpion
     5 | D        | Noticed a boulder beetle
     5 | D        | Noticed a boulder beetle
     9 | D        | Noticed a merfolk siren
    19 | D        | Killed Menkaure
    20 | D        | Mangled by a merfolk siren

Illustrated notes

Levels and vault maps discovered:
D:        the_violet_keep_of_menkaure [sprint2_stairs_cluster_1,
          sprint2_shoproom, sprint2_temple, sprint2_basic_supplies,
          sprint2_obstacle_4, sprint2_obstacle_7, sprint2_obstacle_6,
          sprint2_obstacle_3, sprint2_obstacle_1, sprint2_timed_cluster_1,
          sprint2_smallroom_cluster_1, sprint2_smallroom_final_cluster_1,
          sprint2_transparent_cluster_1, sprint2_second_timed_cluster_1,
          sprint2_sniper_area_1, sprint2_heavy_combat_area_1,
          sprint2_mutation_trap_area_1, sprint2_forest_area_1,
          sprint2_light_combat_area_1, sprint2_behind_water_1,
          sprint2_near_end_vault_1]

Action                   || total
-------------------------++-------
Melee: Hand axe          ||     7
Invok: Berserk           ||     1
Armor: Animal skin       ||     1
Dodge: Dodged            ||     2
